 Dungeon Crawl Stone Soup version 0.19-a0-473-g3ac10ee (webtiles) character file.

130 MenacingMecha the Shooter (level 4, -11/42 HPs)
             Began as a Centaur Hunter on June 4, 2016.
             Killed by divine providence
             ... invoked by an orc priest
              (12 damage)
             ... on level 3 of the Dungeon.
             The game lasted 00:06:37 (2356 turns).

MenacingMecha the Shooter (Centaur Hunter)          Turns: 2356, Time: 00:06:38

Health: -11/42     AC:  4    Str: 14    XL:     4   Next: 89%
Magic:  0/4        EV:  9    Int: 10    God:
Gold:   192        SH:  0    Dex: 11    Spells: 0 memorised, 3 levels left

rFire  . . .     SeeInvis .     b - +0 mace (drain)
rCold  . . .     Gourm    .     c - +0 leather armour
rNeg   . . .     Faith    .     (no shield)
rPois  .         Spirit   +     (no helmet)
rElec  .         Dismiss  .     (no cloak)
rCorr  .         Reflect  .     (no gloves)
SustAt .         Harm     .     (no barding)
MR     .....                    l - amulet of guardian spirit {Spirit}
Stlth  +.........               (no ring)
                                (no ring)

@: flying, very quick, not resistant to hostile enchantments, very unstealthy
A: hooves 3, deformed body, speed 2, tough skin 3
a: no special abilities


You were on level 3 of the Dungeon.
You were not hungry.

You visited 1 branch of the dungeon, and saw 3 of its levels.

You collected 192 gold pieces.

Inventory:

Hand Weapons
 a - a +1 shortbow
 b - a +0 mace of draining (weapon)
   (You took it off Terence on level 2 of the Dungeon)
 v - a +0 trident
   (You found it on level 2 of the Dungeon)
Missiles
 d - 27 arrows
Armour
 c - a +0 leather armour (worn)
Jewellery
 l - an amulet of guardian spirit (around neck) {Spirit}
   (You found it on level 1 of the Dungeon)
 x - an uncursed ring of protection from cold {unknown}
   (You found it on level 3 of the Dungeon)
Scrolls
 e - 4 scrolls of identify {unknown}
 h - a scroll of teleportation {unknown}
 j - 2 scrolls of random uselessness {unknown}
 k - 2 scrolls of enchant weapon {unknown}
 n - 2 scrolls of amnesia {unknown}
 s - 3 scrolls of fog {unknown}
Potions
 i - a potion of brilliance {unknown}
 o - 2 potions of ambrosia {unknown}
 p - a potion of mutation {unknown}
 q - a potion of lignification {unknown}
 r - a potion of might {unknown}
 u - a potion of flight
Comestibles
 f - 2 bread rations
 g - 5 chunks of flesh
 m - a slice of pizza
 t - a beef jerky
 w - a meat ration


   Skills:
 - Level 5.0 Fighting
 + Level 5.5 Bows
 - Level 1.3 Dodging
 - Level 0.5 Stealth


You had 3 spell levels left.
You didn't know any spells.

Dungeon Overview and Level Annotations

Branches:
Dungeon (3/15)

Altars:
Hepliaklqana
Ru
Xom
Zin


Innate Abilities, Weirdness & Mutations

You have hooves in place of feet.
Armour fits poorly on your strangely shaped body.
You cover ground very quickly.
You have extremely tough skin. (AC +3)


Message History

The adder is moderately wounded.
The adder bites you. The adder bites you but does no damage.
You barely miss the adder.
The adder is lightly wounded.
The adder barely misses you. The adder bites you.
You closely miss the adder. You kick the adder.
The adder is moderately wounded.
The adder bites you but does no damage. The adder closely misses you.
You hit the adder but do no damage. You drain the adder! You kick the adder.
The adder is almost dead.
The adder bites you but does no damage. x2
You hit the adder.
You kill the adder!
a - a +1 shortbow (weapon)
Some of the chunks of flesh in your inventory have rotted away.
d - 26 arrows (gained 1)
d - 27 arrows (gained 1)
d - 28 arrows (gained 1)
d - 29 arrows (gained 1)
There is a stone staircase leading down here.
There is a stone staircase leading down, spattered with blood here.
You see here an adder skeleton.
There is a stone staircase leading down, spattered with blood here.
You see here an adder skeleton.
There is a stone staircase leading down here.
Some of the chunks of flesh in your inventory have rotted away.
A rat comes into view.
The rat moves out of view.
The rat is too close now for your liking.
You sense an unholy aura.
b - a +0 mace of draining (weapon)
You barely miss the rat. Your kick misses the rat. The rat barely misses you.
The rat bites you.
You barely miss the rat. You kick the rat.
The rat is severely wounded.
The rat bites you.
You barely miss the rat. Your kick misses the rat.
The rat is severely wounded.
The rat closely misses you.
You sock the rat!
You kill the rat!
You see here a rat corpse.
You butcher the rat corpse.
g - 5 chunks of flesh (gained 1)
You see here a rat skeleton.
a - a +1 shortbow (weapon)
An orc comes into view. It is wielding a mace.
The orc shouts!
Firing (i - inventory):
d - 29 arrows (quivered)
Press: ? - help, Shift-Dir - straight line, f - orc
Aim: an orc, wielding a mace You shoot an arrow.
The arrow hits the orc!
You kill the orc!
You hear a shout!
An orc priest comes into view. It is wielding a whip.
You sense an unholy aura.
b - a +0 mace of draining (weapon)
a - a +1 shortbow (weapon)
Firing (i - inventory):
d - 28 arrows (quivered)
Press: ? - help, Shift-Dir - straight line, f - orc priest
Aim: an orc priest, wielding a whip and wearing a scale mail You shoot an arrow.
The arrow barely misses the orc priest.
You hear a shout!
An orc comes into view. It is wielding a flail.
You sense an unholy aura.
b - a +0 mace of draining (weapon)
You closely miss the orc priest. Your kick misses the orc priest.
The orc priest mumbles some strange prayers to Beogh against you.
Pain shoots through your body!
The orc priest calls down the wrath of Beogh upon you.
Pain shoots through your body!
You hit the orc priest.
The orc priest is lightly wounded.
The orc priest barely misses you.
You hit the orc priest.
The orc priest is moderately wounded.
The orc priest hits you with a whip.
You barely miss the orc priest.
You kick the orc priest, but do no damage.
The orc priest is moderately wounded.
The orc hits you with a flail! The orc priest closely misses you.
You hit the orc.
The orc is severely wounded.
The orc priest hits you with a whip. The orc hits you with a flail.
* * * LOW HITPOINT WARNING * * *
You hit the orc priest but do no damage.
You kick the orc priest, but do no damage.
The orc priest is moderately wounded.
The orc priest hits you with a whip.
* * * LOW HITPOINT WARNING * * *
The orc hits you with a flail.
* * * LOW HITPOINT WARNING * * *
The orc priest hits you with a whip.
* * * LOW HITPOINT WARNING * * *
It was a potion of flight.
You feel very buoyant.
You fly up into the air.
The orc hits you but does no damage.
The orc priest calls down the wrath of Beogh upon you.
Beogh smites you!
You die...

######## #.......
####### #.......
#.....##### #.......
#.........#####.......
#..o@.###.............
###o### #############.
#( #. #( ##. #. #.. ##
######.. #.......
..###... ##.#.


You could see an orc priest and an orc.

Vanquished Creatures
  Terence (D:2)
  4 adders
  A worm (D:2)
  2 dart slugs
  2 giant geckos (D:2)
  An orc (D:3)
  2 ball pythons (D:2)
  3 giant cockroaches
  8 hobgoblins
  A jackal (D:1)
  9 kobolds
  6 quokkas (D:2)
  5 bats
  2 giant newts
  4 goblins
  8 rats
59 creatures vanquished.

Notes
Turn   | Place    | Note
--------------------------------------------------------------
     0 | D:1      | MenacingMecha the Centaur Hunter began the quest for the Orb.
     0 | D:1      | Reached XP level 1. HP: 17/17 MP: 1/1
   394 | D:1      | Reached XP level 2. HP: 22/25 MP: 2/2
   666 | D:1      | Reached skill level 3 in Fighting
   892 | D:2      | Found a shimmering altar of Xom.
   892 | D:2      | Noticed an angel
   898 | D:2      | Found a glowing silver altar of Zin.
   922 | D:2      | Reached XP level 3. HP: 28/31 MP: 3/3
  1157 | D:2      | Found a sacrificial altar of Ru.
  1165 | D:2      | Found a hazy altar of Hepliaklqana.
  1328 | D:2      | Reached skill level 4 in Fighting
  1589 | D:2      | Reached XP level 4. HP: 41/41 MP: 4/4
  1884 | D:3      | Noticed Terence
  1957 | D:2      | Killed Terence
  2126 | D:3      | Reached skill level 5 in Fighting
  2355 | D:3      | HP: 8/42 [orc priest/whip (3)]
  2355 | D:3      | HP: 3/42 [orc/flail (5)]
  2355 | D:3      | HP: 1/42 [orc priest/whip (2)]
  2356 | D:3      | Killed from afar by an orc priest

Vault maps used:
D:1:      minmay_arrival_five_plusses, minmay_cupped
D:2:      grunt_temple_overflow_order_and_chaos_1, minitemple, kennysheep_nub
D:3:      uniq_terence, uniq_crazy_yiuf_cottage

Skill      XL: |  1  2  3  4 |
---------------+-------------+-----
Fighting       | 3 4 5 |  5.0
Bows           | |  5.5
Dodging        | |  1.3
Stealth        | |  0.5

Action                   |  1- 3 |  4- 6 || total
-------------------------+-------+-------++-------
Melee: Short sword       |    54 |       ||    54
       Kick              |    12 |     8 ||    20
       Trident           |    62 |    12 ||    74
       Mace              |       |    35 ||    35
 Fire: Shortbow          |    26 |    21 ||    47
  Use: Potion            |       |     1 ||     1
  Eat: Chunk             |     1 |     2 ||     3
Armor: Leather armour    |    30 |    17 ||    47
Dodge: Dodged            |    48 |    26 ||    74

Vault maps used:
D:1:      minmay_arrival_five_plusses, minmay_cupped
D:2:      grunt_temple_overflow_order_and_chaos_1, minitemple, kennysheep_nub
D:3:      uniq_terence, uniq_crazy_yiuf_cottage

Table legend:
 A = Turns spent in this place as a percentage of turns spent in the entire game.
 B = Non-inter-level travel turns spent in this place as a percentage of non-inter-level travel turns spent in the entire game.
 C = Inter-level travel turns spent in this place as a percentage of turns spent in this place.
 D = Turns resting spent in this place as a percentage of non-inter-level travel turns spent in this place.
 E = Turns spent auto-exploring this place as a percentage of non-inter-level travel turns spent in this place.
 F = Non-inter-level travel turns spent in this place divided by the number of levels of this place that you've seen.
                   A       B       C       D       E      F
               +-------+-------+-------+-------+-------+----------------------
         Total | 100.0 | 100.0 |   0.4 |   3.1 |  10.9 | 226.3
       Dungeon | 100.0 | 100.0 |   0.4 |   3.1 |  10.9 | 226.3
               +-------+-------+-------+-------+-------+----------------------

Table legend:
 A = Kills in this place as a percentage of kills in entire the game.
 B = Kills by you in this place as a percentage of kills by you in the entire game.
 C = Kills by friends in this place as a percentage of kills by friends in the entire game.
 D = Other kills in this place as a percentage of other kills in the entire game.
 E = Experience gained in this place as a percentage of experience gained in the entire game.
 F = Experience gained in this place divided by the number of levels of this place that you have seen.
                   A       B       C       D       E      F
               +-------+-------+-------+-------+-------+----------------------
         Total | 100.0 | 100.0 |  -nan |  -nan | 100.0 |  62.0
       Dungeon | 100.0 | 100.0 |  -nan |  -nan | 100.0 |  62.0
               +-------+-------+-------+-------+-------+----------------------
